 Dungeon Crawl Stone Soup version 0.14-a0-226-gcf818b1 (webtiles) character file.

15300 Leibowitz the Spry (level 12, -2/73 HPs)
             Began as a Kobold Berserker on Oct 10, 2013.
             Was a High Priest of Trog.
             Slain by a wolf spider (4 damage)
             ... on Level 3 of the Lair of Beasts on Oct 11, 2013.
             The game lasted 01:06:52 (15717 turns).

Leibowitz the Spry (Kobold Berserker)              Turns: 15717, Time: 01:06:54

HP  -2/73        AC  9     Str 17      XL: 12   Next: 49%
MP  12/12        EV 14     Int  5      God: Trog [*****.]
Gold 550         SH  0     Dex 19      Spells:  0 memorised, 11 levels left

Res.Fire  : . . .   See Invis. : +   J - -5,+6 dagger "Ohoveih" {vamp, +Rage SInv}
Res.Cold  : + . .   Warding    : .   u - +2 leather armour {rPois}
Life Prot.: . . .   Conserve   : .   (no shield)
Res.Poison: +       Res.Corr.  : .   j - +0 helmet
Res.Elec. : .       Clarity    : .   w - +0 dwarf cloak
Sust.Abil.: . .     Spirit.Shd : .   r - +1 pair of gauntlets
Res.Mut.  : .       Stasis     : .   (no boots)
Res.Rott. : .       Flight     : .   h - amulet of faith
Saprovore : + + .                    F - ring of protection from cold
                                     y - ring of protection from magic

@: regenerating, mildly poisoned, held, extremely resistant to hostile
enchantments, extremely stealthy
A: disease resistance, carnivore 3, saprovore 2
a: Burn Spellbooks, Berserk, Trog's Hand, Brothers in Arms, Renounce Religion,
Evoke Berserk Rage


You were on level 3 of the Lair of Beasts.
You worshipped Trog.
Trog was extremely pleased with you.
You were not hungry.

You visited 2 branches of the dungeon, and saw 12 of its levels.
You also visited: Ossuary.

You collected 530 gold pieces.

Inventory:

Hand weapons
 a - a +1,+3 short sword
 b - a +2 blowgun
 l - a +1,+1 dagger of freezing
 q - a +1,+2 dagger of draining
 G - a -1,+2 orcish anti-magic dagger
 J - the -5,+6 dagger "Ohoveih" (weapon) {vamp, +Rage SInv}
   (Trog gifted it to you on level 1 of the Lair of Beasts)

   It inflicts no extra harm, but heals its wielder somewhat when it strikes a
   living foe.
   It enhances your eyesight.
   It lets you go berserk.
 N - a +1,+1 anti-magic sabre
Missiles
 n - 4 needles of sleeping
 o - a poisoned tomahawk (quivered)
 x - 32 poisoned needles
Armour
 j - a +0 helmet (worn)
 r - a +1 pair of gauntlets (worn)
 u - a +2 leather armour of poison resistance (worn)
 w - a +0 dwarven cloak (worn)
Magical devices
 d - a wand of draining (12)
 s - a wand of flame (10)
Comestibles
 c - 4 meat rations
 K - 2 royal jellies
 L - 2 honeycombs
Scrolls
 g - 2 scrolls of fog
 i - 3 scrolls of teleportation
 k - 5 scrolls of identify
 m - 4 scrolls of remove curse
 p - 2 scrolls of blinking
 D - a scroll of magic mapping
 M - a scroll of recharging
Jewellery
 f - an uncursed ring of see invisible
 h - an amulet of faith (around neck)
 v - an uncursed ring of sustain abilities
 y - a ring of protection from magic (left hand)
 F - a ring of protection from cold (right hand)
 I - an uncursed amulet of conservation
 O - an uncursed ring of protection from fire
Potions
 e - 8 potions of curing
 t - a potion of magic
 z - a potion of agility
 C - 4 potions of brilliance
 E - 2 potions of heal wounds


   Skills:
 * Level 9.0 Fighting
 + Level 10.5 Short Blades
 - Level 1.5 Armour
 * Level 15.6 Dodging
 * Level 12.1 Stealth
 + Level 0.6 Evocations


You had 11 spell levels left.
You didn't know any spells.

Dungeon Overview and Level Annotations

Branches:
Dungeon (9/27)             Temple (0/1) D:4            Lair (3/8) D:8
 Spider (0/5) Lair:3
    Orc: D:6-11       Swamp: Lair:3-6    Shoals: Lair:3-6     Snake: Lair:3-6

Altars:
Ashenzari
Fedhas
Kikubaaqudgha
Okawaru
Vehumet
the Shining One

Shops:
D:6 *


Innate Abilities, Weirdness & Mutations

You recuperate from illness quickly.
You are small and have problems with some larger weapons.
You are carnivorous and can eat meat at any time.
You can eat rotten meat.


Message History

Use which ability? (? or * to list)
Your skin crawls.
You feel resistant to hostile enchantments.
You feel slightly more hungry. The jumping spider pounces on you!
* * * LOW HITPOINT WARNING * * *
You are even more entangled.
The jumping spider misses you. The wolf spider bites you.
* * * LOW HITPOINT WARNING * * *
The wolf spider barely misses you.
The jumping spider pounces on you but does no damage.
The jumping spider bites you but does no damage.
Drink which item? (? for menu, Esc to quit)
You feel much better.
You feel sick. The wolf spider bites you!
* * * LOW HITPOINT WARNING * * *
The wolf spider hits you but does no damage.
The jumping spider pounces on you!
* * * LOW HITPOINT WARNING * * *
The jumping spider bites you but does no damage.
The wolf spider bites you.
You die...

####.........#...#...#
####P...................#
..##...................##
..P.....................#
.[............#........##
.#...........###........#
P#.##.....#.#.#........##
..###.....##...ss.....###
### #.#.......s#@.......#
# #.#........##......####
###.ff.##.^.##........##
... ##^§^####......######
. #..^s§#.............
##..^^##............
#^..^.##..........)
##.....#...........
#..>.#...........


You could see a wolf spider and a jumping spider.

Vanquished Creatures
  The ghost of Sar the Nimble, an experienced DEBe of Trog (D:7)
  5 elephants (Lair:3)
  3 spiny frogs
  An item mimic (D:8)
  A queen bee (Lair:1)
  2 komodo dragons (Lair:1)
  A two-headed ogre (D:9)
  A troll (D:8)
  Prince Ribbit (D:4)
  4 blink frogs (Lair:1)
  Eustachio (D:8)
  5 yaks (Lair:1)
  3 hippogriffs
  2 wyverns (D:9)
  Edmund (D:8)
  5 porcupines
  A wolf (D:8)
  The ghost of 4tharraofdagon the Cudgeler, an average TrBe of Trog (D:3)
  An ice beast (D:6)
  4 orc warriors
  A phantom (D:8)
  3 ogres
  4 sky beasts
  9 giant goldfish
  A centaur (D:7)
  2 crocodiles
  10 giant frogs
  3 giant slugs
  3 water moccasins
  An agate snail (Lair:3)
  14 killer bees (Lair:1)
  2 jellyfish (D:8)
  A troll skeleton (D:9)
  2 electric eels
  16 wights
  Dowan (D:9)
  2 centaur zombies (Ossuary)
  3 lava snakes (D:9)
  6 crimson imps
  A goliath beetle (D:6)
  5 big fish
  A centaur skeleton (D:5)
  2 orc priests (D:7)
  A gnoll shaman (D:5)
  2 quasits
  Crazy Yiuf (D:3)
  10 hounds
  9 iguanas
  5 orc wizards
  5 scorpions
  4 worker ants
  A statue (D:8)
  2 big kobold zombies (Ossuary)
  An ogre skeleton (D:5)
  Ijyb (D:3)
  Jessica (D:2)
  2 mummies (Ossuary)
  27 green rats
  11 adders
  9 gnolls
  A worm zombie (D:6)
  A giant centipede (Lair:2)
  A giant mite (Lair:3)
  3 worms
  An adder skeleton (D:6)
  3 adder zombies
  A scorpion zombie (D:6)
  4 giant eyeballs
  4 giant geckos
  2 oozes
  34 orcs
  A bat zombie (D:6)
  6 giant cockroaches
  13 hobgoblins
  9 jackals
  5 quokkas
  14 bats
  7 giant newts
  8 goblins
  15 hobgoblin zombies (Ossuary)
  2 jackal zombies (Ossuary)
  9 kobolds
  A kobold skeleton (D:5)
  7 kobold zombies (Ossuary)
  2 orc skeletons
  8 orc zombies
  A quokka skeleton (D:4)
  16 rats
  A rat skeleton (D:7)
  2 rat zombies (D:6)
  A fungus (D:3)
412 creatures vanquished.

Vanquished Creatures (others)
  Duvessa (D:9)
  An orc wizard (D:9)
  A fungus (Lair:3)
3 creatures vanquished.

Grand Total: 415 creatures vanquished

Notes
Turn   | Place    | Note
--------------------------------------------------------------
     0 | D:1      | Leibowitz, the Kobold Berserker, began the quest for the Orb.
     0 | D:1      | Reached XP level 1. HP: 14/14 MP: 0/0
   230 | D:1      | Reached XP level 2. HP: 13/19 MP: 1/1
   826 | D:2      | Reached skill level 1 in Stealth
   935 | D:2      | Noticed Jessica
   965 | D:2      | Killed Jessica
   965 | D:2      | Reached XP level 3. HP: 13/24 MP: 2/2
  1091 | D:2      | Acquired Trog's second power
  1286 | D:3      | Reached XP level 4. HP: 29/29 MP: 3/3
  1484 | D:3      | Noticed Ijyb
  1498 | D:3      | Noticed 4tharraofdagon's ghost (average TrBe)
  1509 | D:3      | Killed Ijyb
  1509 | D:3      | Reached skill level 5 in Short Blades
  1509 | D:3      | Reached XP level 5. HP: 33/33 MP: 1/4
  1523 | D:3      | Killed 4tharraofdagon's ghost
  1523 | D:3      | Reached XP level 6. HP: 39/39 MP: 1/5
  2096 | D:3      | Noticed Crazy Yiuf
  2106 | D:3      | Killed Crazy Yiuf
  2106 | D:3      | Reached skill level 5 in Dodging
  2296 | D:4      | Noticed Prince Ribbit
  2375 | D:4      | Killed Prince Ribbit
  2375 | D:4      | Reached XP level 7. HP: 27/44 MP: 2/6
  2542 | D:4      | Reached skill level 6 in Dodging
  2630 | D:4      | Found a staircase to the Ecumenical Temple.
  2717 | D:4      | Paralysed by a giant eyeball for 2 turns
  2720 | D:4      | Paralysed by a giant eyeball for 4 turns
  2727 | D:4      | Paralysed by a giant eyeball for 4 turns
  2735 | D:4      | Paralysed by a giant eyeball for 2 turns
  2763 | D:5      | Entered Level 5 of the Dungeon
  2785 | D:5      | Reached skill level 5 in Stealth
  2823 | D:5      | Reached skill level 5 in Fighting
  2823 | D:5      | Reached XP level 8. HP: 41/49 MP: 2/7
  3342 | D:5      | Reached skill level 7 in Dodging
  3795 | D:5      | Acquired Trog's third power
  4087 | D:6      | Found a sand-covered staircase.
  4096 | Ossuary  | Entered an ossuary
  4258 | Ossuary  | Reached skill level 8 in Dodging
  4808 | D:6      | Reached XP level 9. HP: 54/54 MP: 2/8
  5105 | D:6      | Found Cuogiant's General Store.
  6107 | D:7      | Found a glowing golden altar of the Shining One.
  6160 | D:7      | Reached skill level 9 in Dodging
  6347 | D:7      | Found an ancient bone altar of Kikubaaqudgha.
  6363 | D:7      | Found a blossoming altar of Fedhas.
  6366 | D:7      | Found a shattered altar of Ashenzari.
  6676 | D:7      | Reached skill level 10 in Dodging
  6919 | D:7      | Found a shattered altar of Ashenzari.
  6924 | D:7      | Saw a vision of the Swamp and the Spider Nest.
  6924 | D:7      | Noticed an alligator
  6924 | D:7      | Noticed an alligator
  7005 | D:7      | Noticed Sar's ghost (experienced DEBe)
  7031 | D:7      | Killed Sar's ghost
  7315 | D:8      | Found a staircase to the Lair.
  7331 | D:8      | Reached XP level 10. HP: 17/60 MP: 10/10
  7417 | D:8      | Reached skill level 11 in Dodging
  7663 | D:8      | Noticed a troll
  7674 | D:8      | Killed a troll
  7735 | D:8      | Found a radiant altar of Vehumet.
  7939 | D:8      | Paralysed by a giant eyeball for 2 turns
  7946 | D:8      | Paralysed by a giant eyeball for 3 turns
  7953 | D:8      | Paralysed by a giant eyeball for 3 turns
  7960 | D:8      | Paralysed by a giant eyeball for 4 turns
  8099 | D:8      | Noticed Edmund
  8113 | D:8      | Killed Edmund
  8445 | D:8      | Received a gift from Trog
  8500 | D:8      | Reached skill level 12 in Dodging
  8976 | D:8      | Noticed Eustachio
  8983 | D:8      | Killed Eustachio
  9233 | D:8      | Killed a quarterstaff mimic
  9791 | D:9      | Reached skill level 10 in Stealth
  9791 | D:9      | Reached XP level 11. HP: 63/66 MP: 11/11
  9845 | D:9      | Found an iron altar of Okawaru.
 10071 | D:9      | Noticed Dowan
 10091 | D:9      | Noticed Duvessa
 10103 | D:9      | Killed Duvessa
 10104 | D:9      | Killed Dowan
 10104 | D:9      | Reached skill level 13 in Dodging
 11524 | Lair:1   | Entered Level 1 of the Lair of Beasts
 12363 | Lair:1   | Received a gift from Trog
 12367 | Lair:1   | Got a pitted dagger {god gift}
 12368 | Lair:1   | Identified the -5,+6 dagger "Ohoveih" {vamp, +Rage SInv} (Trog gifted it to you on level 1 of the Lair of Beasts)
 12368 | Lair:1   | Identified the -5,+6 dagger "Ohoveih" {vamp, +Rage SInv} (Trog gifted it to you on level 1 of the Lair of Beasts)
 12486 | Lair:1   | Reached skill level 14 in Dodging
 13114 | Lair:1   | Reached skill level 10 in Short Blades
 13226 | Lair:1   | Reached XP level 12. HP: 55/73 MP: 12/12
 13317 | Lair:1   | Received a gift from Trog
 14472 | Lair:2   | Reached skill level 15 in Dodging
 14998 | Lair:3   | Received a gift from Trog
 15600 | Lair:3   | Found a hole to the Spider Nest.
 15717 | Lair:3   | HP: 2/73 [jumping spider (12)]
 15717 | Lair:3   | Slain by a wolf spider

Action                   |  1- 3 |  4- 6 |  7- 9 | 10-12 || total
-------------------------+-------+-------+-------+-------++-------
Melee: Short sword       |    71 |    18 |    77 |   575 ||   741
       Dagger            |       |   134 |   822 |  1281 ||  2237
 Fire: Blowgun           |       |       |     8 |    15 ||    23
Throw: Tomahawk          |     2 |     2 |     3 |     1 ||     8
Invok: Berserk           |       |     4 |     8 |     8 ||    20
       Trog's Hand       |       |       |       |     1 ||     1
Evoke: Wand              |       |       |     2 |     2 ||     4
  Use: Potion            |     6 |     2 |     4 |     1 ||    13
       Scroll            |       |       |     1 |    21 ||    22
 Stab: Sleeping          |     3 |     4 |    24 |    40 ||    71
       Distracted        |       |       |       |     3 ||     3
